 Dungeon Crawl Stone Soup version 0.27-a0-1200-g94dc6ad4cf (webtiles) character file.

Game seed: 4191485161654114676

9754 DemonSlayer the Slicer (level 11, -1/84 HPs)
             Began as a Human Berserker on June 1, 2021.
             Was an Elder of Trog.
             Killed from afar by a gargoyle (23 damage)
             ... with a stone arrow
             ... on level 11 of the Dungeon.
             The game lasted 00:58:37 (19745 turns).

DemonSlayer the Slicer (Human Berserker)           Turns: 19745, Time: 00:58:37

Health: -1/84      AC: 22    Str: 19    XL:     11   Next: 80%
Magic:  11/11      EV:  8    Int:  8    God:    Trog [****..]
Gold:   696        SH:  5    Dex: 17    Spells: 10/10 levels left

rFire    . . .     SeeInvis .   m - +8 rapier (venom)
rCold    . . .     Faith    .   (no shield)
rNeg     . . .     Spirit   .   h - +0 plate armour
rPois    .         Reflect  +   (no helmet)
rElec    .         Harm     .   i - +1 cloak
rCorr    +         Rampage  +   (no gloves)
Will     .....                  k - +0 pair of boots of the Teacher {Rampage rCorr Dex-3 Stlth-}
Stlth    ..........             c - amulet of reflection
HPRegen  0.24/turn              t - +4 ring of protection
MPRegen  0.12/turn              n - +6 ring of dexterity

@: on berserk cooldown, slowed, very slow
A: no striking features
a: Renounce Religion, Berserk, Trog's Hand, Brothers in Arms


You were on level 11 of the Dungeon.
You worshipped Trog.
Trog was greatly pleased with you.
You visited 1 branch of the dungeon, and saw 11 of its levels.

You collected 696 gold pieces.

Inventory:

Hand Weapons
 a - a +1 vorpal halberd
 d - a +2 falchion of freezing
 m - a +8 rapier of venom (weapon)
 q - a +2 flail of draining
 u - a +2 mace of chaos
 v - a +4 dagger
 w - a +1 hand axe of electrocution
 B - a +0 battleaxe of draining
Missiles
 A - 2 throwing nets
Armour
 h - a +0 plate armour (worn)
 i - a +1 cloak (worn)
 k - the +0 pair of boots of the Teacher (worn) {Rampage rCorr Dex-3 Stlth-}
   (You acquired it on level 4 of the Dungeon)

   It affects your dexterity (-3).
   It protects you from acid and corrosion.
   It bestows one free step when moving towards enemies.
   It makes you less stealthy.
 F - +0 acid dragon scales
 H - a +0 troll leather armour
Jewellery
 c - an amulet of reflection (around neck)
 f - a ring of magical power
 g - an amulet of guardian spirit
 n - a +6 ring of dexterity (right hand)
 t - a +4 ring of protection (left hand)
 y - a ring of poison resistance
 D - a ring of flight
Wands
 b - a wand of polymorph (8)
 j - a wand of flame (7)
 x - a wand of mindburst (7)
 E - a wand of digging (5)
Scrolls
 p - 4 scrolls of identify
 s - 3 scrolls of silence
Potions
 e - a potion of cancellation
 l - a potion of flight
 o - a potion of magic
 z - a potion of brilliance
 C - a potion of attraction {unknown}


   Skills:
 + Level 7.5 Fighting
 + Level 11.8 Short Blades
 + Level 9.5 Armour
 + Level 4.5 Dodging
 + Level 2.6 Stealth
 + Level 3.9 Shields
 + Level 2.5 Evocations


You had 10 spell levels left.
You didn't know any spells.
Your spell library contained the following spells:

 Spells                   Type           Power      Damage    Failure   Level
 Animate Skeleton         Necr           0%         N/A       100%        1
 Pain                     Necr           0%         1d4       100%        1
 Summon Small Mammal      Summ           0%         N/A       100%        1
 Call Imp                 Summ           0%         N/A       100%        2
 Call Canine Familiar     Summ           0%         N/A       100%        3
 Summon Guardian Golem    Hex/Summ       0%         N/A       100%        3
 Vampiric Draining        Necr           0%         2d6       100%        3
 Animate Dead             Necr           0%         N/A       100%        4
 Summon Ice Beast         Ice/Summ       0%         N/A       100%        4
 Summon Lightning Spire   Summ/Air       0%         N/A       100%        4
 Agony                    Necr           0%         N/A       100%        5


Dungeon Overview and Level Annotations

Branches:
Dungeon (11/15)            Temple (0/1) D:7            Lair (0/6) D:8
    Orc: D:9-12

Altars:
Ashenzari
Hepliaklqana
Ru
Sif Muna
Vehumet
Xom
The Shining One


Message History

A gargoyle is nearby!
A gargoyle is nearby!
A gargoyle is nearby!
A red film seems to cover your vision as you go berserk!
You feel yourself moving faster!
You feel mighty!
You feel a strong urge to attack something.
A wight comes into view. It is wielding a +1 spear.
The wight moves out of view.
Found 20 gold pieces.
You feel your anger nearly subside.
A wight comes into view. It is wielding a +3 battleaxe.
You are no longer berserk.
Trog's vigour flows through your veins.
You are exhausted.
You feel yourself slow down.
The gargoyle hurls a stone arrow at you.
The stone arrow hits you! The gargoyle hits you with a +0 flail!
The wight hits you from afar with a +1 spear.
The gargoyle barely misses you.
There is a stone staircase leading down here.
The wight barely misses you.
The gargoyle hits you but does no damage.
The wight hits you from afar with a +1 spear.
* * * LOW HITPOINT WARNING * * *
The gargoyle hits you but does no damage.
You climb downwards.
Found a stone staircase leading down.
There is a stone staircase leading up here.
You hit the gargoyle but do no damage.
The gargoyle is lightly damaged.
The gargoyle hits you with a +0 flail.
* * * LOW HITPOINT WARNING * * *
You hit the gargoyle but do no damage.
The gargoyle is lightly damaged.
You hit the gargoyle.
The gargoyle is moderately damaged.
The gargoyle hurls a stone arrow at you.
The stone arrow hits you!!
You die...

.......
#.....#
#.....#
#.....#
#.....#
#.....#
#..9..#
#..@..#
#.....#
#.....#
#.....+
#..####
...
>..≈
###..


You could see a gargoyle.

Vanquished Creatures
  3 two-headed ogres
  A dancing weapon (D:7)
  The ghost of freelancePsychic the Skirmisher, a novice DrTm of Wu Jian (D:7)
  A cyclops (D:8)
  An elephant (D:8)
  Maggie (D:10)
  A troll (D:10)
  A hornet (D:8)
  A meliai (D:8)
  Sigmund (D:6)
  6 yaks
  A wraith (D:7)
  A basilisk (D:8)
  Eustachio (D:4)
  A steam dragon (D:8)
  2 water moccasins
  2 orc warriors (D:9)
  2 black bears
  An ice beast (D:7)
  5 ogres
  3 centaurs
  2 phantoms (D:6)
  A kobold brigand (D:8)
  4 bullfrogs
  A wyvern zombie (D:8)
  A gnoll sergeant (D:8)
  2 scorpions (D:6)
  A water moccasin skeleton (D:5)
  6 killer bees (D:10)
  2 howler monkeys (D:9)
  A bullfrog zombie (D:5)
  3 centaur zombies
  A jelly (D:8)
  A hound (D:6)
  6 orc priests
  2 gnoll shamans
  A centaur skeleton (D:4)
  2 iguanas
  9 orc wizards
  A hound skeleton (D:4)
  A howler monkey zombie (D:8)
  21 gnolls
  A howler monkey skeleton (D:6)
  9 adders
  2 white imps
  2 ufetubi
  2 dart slugs
  38 orcs
  5 bats
  5 endoplasms
  4 giant cockroaches
  10 goblins
  A hobgoblin (D:2)
  9 jackals
  3 quokkas
  2 ball pythons (D:3)
  3 frilled lizards
  5 kobolds
  9 rats
  2 bushes (D:7)
218 creatures vanquished.

Vanquished Creatures (others)
  An orc (D:9)
  A fungus (D:8)
  A plant (D:8)
3 creatures vanquished.

Grand Total: 221 creatures vanquished

Notes
Turn   | Place    | Note
-------+----------+-------------------------------------------
     0 | D:1      | DemonSlayer the Human Berserker began the quest for the
                  | Orb.
     0 | D:1      | Reached XP level 1. HP: 18/18 MP: 1/1
   627 | D:1      | Reached XP level 2. HP: 24/24 MP: 2/2
   999 | D:1      | Reached XP level 3. HP: 28/29 MP: 3/3
  1433 | D:1      | Found a faded altar of an unknown god.
  1442 | D:1      | Reached ** piety under Trog
  2203 | D:2      | Reached XP level 4. HP: 35/35 MP: 4/4
  2206 | D:2      | Reached skill level 4 in Short Blades
  4174 | D:3      | Found a hazy altar of Hepliaklqana.
  4396 | D:3      | Reached XP level 5. HP: 41/41 MP: 5/5
  5167 | D:4      | Identified a scroll of acquirement
  5168 | D:4      | Acquired the +0 pair of boots of the Teacher {Rampage rCorr
                  | Dex-3 Stlth-}
  5520 | D:4      | Noticed Eustachio
  5533 | D:4      | Killed Eustachio
  5534 | D:4      | Reached skill level 5 in Short Blades
  5534 | D:4      | Reached XP level 6. HP: 47/47 MP: 6/6
  5830 | D:4      | Noticed a black bear
  5852 | D:4      | Killed a black bear
  5853 | D:4      | Reached XP level 7. HP: 52/53 MP: 7/7
  6430 | D:4      | Found a shimmering blue altar of Sif Muna.
  7441 | D:5      | Entered Level 5 of the Dungeon
  7600 | D:4      | Reached skill level 6 in Short Blades
  8300 | D:5      | Reached XP level 8. HP: 60/60 MP: 8/8
  8850 | D:5      | Reached skill level 1 in Stealth
  8875 | D:5      | Reached skill level 5 in Armour
  9456 | D:6      | Reached skill level 1 in Shields
  9502 | D:6      | Reached skill level 7 in Short Blades
  9502 | D:6      | Reached skill level 1 in Evocations
  9658 | D:6      | Reached XP level 9. HP: 58/66 MP: 9/9
  9940 | D:6      | Reached *** piety under Trog
 10292 | D:6      | Found a radiant altar of Vehumet.
 10292 | D:6      | Found a glowing golden altar of the Shining One.
 10693 | D:6      | Noticed Sigmund
 10699 | D:6      | Killed Sigmund
 10700 | D:6      | Reached skill level 8 in Short Blades
 11580 | D:6      | Reached skill level 5 in Fighting
 11793 | D:7      | Noticed a two-headed ogre
 11803 | D:7      | Killed a two-headed ogre
 11804 | D:7      | Reached skill level 9 in Short Blades
 11809 | D:7      | HP: 2/68 [gnoll/+0 flail (6)]
 12387 | D:7      | Reached XP level 10. HP: 76/76 MP: 10/10
 12935 | D:7      | Found a staircase to the Ecumenical Temple.
 13259 | D:7      | Found a runed translucent door.
 13259 | D:7      | Found a shimmering altar of Xom.
 13259 | D:7      | Noticed freelancePsychic's ghost (novice DrTm)
 13259 | D:7      | Noticed a +2 mace of chaos
 13277 | D:7      | Killed a +2 mace of chaos
 13278 | D:7      | Reached skill level 10 in Short Blades
 13295 | D:7      | Killed freelancePsychic's ghost
 14223 | D:8      | Found a staircase to the Lair.
 14223 | D:8      | Noticed an elephant
 14244 | D:8      | Killed an elephant
 14245 | D:8      | Reached XP level 11. HP: 62/83 MP: 11/11
 14930 | D:8      | Found a sacrificial altar of Ru.
 15154 | D:8      | Reached **** piety under Trog
 15162 | D:8      | Found a broken altar of Ashenzari.
 15254 | D:8      | Reached skill level 11 in Short Blades
 16064 | D:8      | Noticed a cyclops
 16080 | D:8      | Killed a cyclops
 16091 | D:8      | Noticed a two-headed ogre
 16094 | D:8      | Killed a two-headed ogre
 18008 | D:9      | Noticed a two-headed ogre
 18019 | D:9      | Killed a two-headed ogre
 19030 | D:10     | Entered Level 10 of the Dungeon
 19036 | D:10     | Noticed Maggie
 19050 | D:10     | Killed Maggie
 19745 | D:11     | Killed from afar by a gargoyle

Illustrated notes

Levels and vault maps discovered:
D:1:      matt_arrival_spirals, layout_loops_ring, ebering_ecumenical_altar_box,
          minmay_misc_feat_x
D:2:      layout_basic, minmay_tetromino_s2
D:3:      layout_basic, amcnicky_altar_gilded
D:4:      layout_layer_cave, nicolae_sif_muna_little_library, enter_ossuary_5,
          uniq_eustachio
D:5:      layout_basic
D:6:      layout_layer_cave, gammafunk_temple_overflow_pools, uniq_sigmund
D:7:      layout_basic, minmay_temple_entry_wispy, ebering_ghost_xom,
          minmay_hedge_maze
D:8:      minmay_cornered_nines, layout_rooms, david_lair_generic,
          hangedman_feature_mirror, grunt_ministairs_1,
          kennysheep_generic_room_16
D:9:      layout_rooms
D:10:     layout_roguey, uniq_maggie
D:11:     layout_irregular_city, david_orc_2, serial_rivers,
          chequers_serial_rivers_micro_d, chequers_serial_rivers_room_b,
          chequers_serial_rivers_room_b, chequers_serial_rivers_large_b,
          serial_shops, shop

Skill      XL: |  1  2  3  4  5  6  7  8  9 10 11 |
---------------+----------------------------------+-----
Short Blades   | 4 5 6 7 9 10 11 | 11.8
Armour         | 3 4 5 6 8 9 |  9.5
Dodging        | 3 4 |  4.5
Fighting       | 4 5 6 7 |  7.5
Stealth        | 1 2 |  2.6
Shields        | 1 2 3 |  3.9
Evocations     | 1 2 |  2.5

Action                   |  1- 3 |  4- 6 |  7- 9 | 10-12 || total
-------------------------+-------+-------+-------+-------++-------
Melee: Short sword       |   104 |   115 |       |       ||   219
       Rapier            |       |    14 |   207 |   317 ||   538
Invok: Berserk           |     4 |     3 |     8 |     7 ||    22
       Trog's Hand       |       |     1 |     1 |       ||     2
       Brothers in Arms  |       |       |       |     1 ||     1
Evoke: Wand              |       |     4 |    13 |     2 ||    19
  Use: Scroll            |       |     7 |     5 |     8 ||    20
       Potion            |       |     7 |     5 |       ||    12
 Stab: Invisible         |       |       |     1 |       ||     1
Armor: Animal skin       |     3 |       |       |       ||     3
       Ring mail         |    51 |    36 |       |       ||    87
       Chain mail        |       |    43 |    64 |     6 ||   113
       Plate armour      |       |       |       |   139 ||   139
       Skin              |       |       |       |    11 ||    11
Dodge: Dodged            |    91 |    64 |    62 |    64 ||   281
Block: Other             |       |       |    30 |    38 ||    68
       Reflection        |       |       |     3 |     7 ||    10

Table legend: (Time is in decaauts)
 A = Elapsed time spent in this place.
 B = Non-inter-level travel time spent in this place.
 C = Inter-level travel time spent in this place.
 D = Time resting spent in this place.
 E = Time spent auto-exploring this place.
 F = Levels seen in this place.
 G = Mean time per level.
                   A        B        C        D        E       F      G
               +--------+--------+--------+--------+--------+-----+--------+
         Total |  19801 |  19483 |    318 |  10757 |   6203 |  11 | 1800.1 |
       Dungeon |  19801 |  19483 |    318 |  10757 |   6203 |  11 | 1800.1 |
               +--------+--------+--------+--------+--------+-----+--------+

Top non-repeatable levels by time:
     D:8: 3645 daAuts
     D:4: 3142 daAuts
     D:2: 2462 daAuts
     D:7: 2351 daAuts
     D:6: 2321 daAuts
     D:1: 1588 daAuts
     D:5: 1305 daAuts
     D:9: 1262 daAuts
     D:3: 1008 daAuts
    D:10: 710 daAuts
    D:11: 2 daAuts
